AoeStats
← Manu

Arabia

517819086Analyzed
2v2 RM · 15d ago on Oct 31, 2026· 21m 16s· 4 players
Game mode
Random Map
Map size
Medium (4 player)
Population
200
Speed
Normal
Resources
Standard
Victory
Conquest
Starting age
Dark Age
Ending age
Imperial Age
RankedLock teamsTeams togetherTeam positionsShared explorationLock speedFull tech treeHidden civsTurbo modeCheats
Victory
Defeat
1049
+14
🇪🇸 Mongols · Spain
1048
+14
vs
🇦🇹 Vietnamese · Austria
1015
-14
🇩🇪 Mongols · Germany
999
-14
melkormelkormelkor
5:25 Loom
10:18 Feudal Age
11:15 Double-Bit Axe
11:14 Horse Collar
15:04 Wheelbarrow
Manu
10:27 Feudal Age
10:02 Loom
11:16 Double-Bit Axe
12:49 Fletching
20:43 Castle Age
19:12 Gold Mining
19:08 Horse Collar
19:32 Padded Archer Armor
20:49 Crossbowman
21:28 Bodkin Arrow
Genio de la lampara
7:41 Loom
10:51 Feudal Age
12:56 Forging
13:07 Scale Mail Armor
13:24 Arson
18:12 Horse Collar
18:20 Double-Bit Axe
20:09 Wheelbarrow
Messier46
5:35 Loom
8:52 Feudal Age
9:53 Double-Bit Axe
14:50 Bloodlines
18:10 Wheelbarrow
20:30 Castle Age
19:01 Stone Mining
19:56 Gold Mining
21:28 Scale Barding Armor
Connection lost

Rejoining the realm…

Still unreachable

The connection could not be restored.

Session expired

The server has moved on; the page needs a fresh start.